 Dungeon Crawl Stone Soup version 0.20-a0-540-ge6d1839 (webtiles) character file.

641 Klosterheim the Cleaver (level 7, -1/57 HPs)
             Began as a Minotaur Fighter on Jan 29, 2017.
             Slain by Kenran's ghost (11 damage)
             ... on level 5 of the Dungeon.
             The game lasted 00:06:25 (3836 turns).

Klosterheim the Cleaver (Minotaur Fighter)          Turns: 3836, Time: 00:06:26

Health: -1/57      AC: 11    Str: 22    XL:     7   Next: 26%
Magic:  6/6        EV:  6    Int:  5    God:
Gold:   220        SH:  0    Dex: 10    Spells: 6/6 levels left

rFire    . . .     SeeInvis .   a - +0 war axe
rCold    . . .     Gourm    .   u - +0 plate armour
rNeg     . . .     Faith    .   (no shield)
rPois    .         Spirit   .   (helmet restricted)
rElec    .         Reflect  .   (no cloak)
rCorr    .         Harm     .   (no gloves)
MR       .....                  (no boots)
Stlth    ..........             (no amulet)
Regen    0.2/turn               (no ring)
                                (no ring)

@: no status effects
A: retaliatory headbutt, horns 2
a: no special abilities


You were on level 5 of the Dungeon.
You were not hungry.

You visited 1 branch of the dungeon, and saw 5 of its levels.

You collected 220 gold pieces.

Inventory:

Hand Weapons
 a - a +0 war axe (weapon)
Armour
 u - a +0 plate armour (worn)
Scrolls
 c - a scroll of remove curse {unknown}
 g - a scroll of noise {unknown}
 i - a scroll of fear
 j - a scroll of enchant weapon {unknown}
 l - 5 scrolls of identify {unknown}
 p - a scroll of teleportation {unknown}
 r - a scroll of random uselessness {unknown}
Potions
 d - a potion of might
 e - 4 potions of curing {unknown}
 h - 4 potions of flight {unknown}
 k - 2 potions of ambrosia {unknown}
 n - a potion of cure mutation {unknown}
 o - 2 potions of lignification {unknown}
 q - a potion of mutation {unknown}
 s - a potion of brilliance {unknown}
Comestibles
 b - a chunk of flesh
 f - 6 bread rations
 m - 4 meat rations
 t - 2 fruits


   Skills:
 - Level 3.6 Fighting
 * Level 9.7 Axes
 - Level 3.6 Armour
   Level 3.6 Shields


You had 6 spell levels left.
You didn't know any spells.

Dungeon Overview and Level Annotations

Branches:
Dungeon (5/15)
 Temple: D:4-7

Altars:
Cheibriados

Annotations:
D:5 Kenran's ghost, novice DgFi


Innate Abilities, Weirdness & Mutations

You reflexively headbutt those who attack you in melee.
You have a pair of horns on your head.


Message History

Kenran's ghost is severely damaged.
Kenran's ghost whispers, "They're coming for you..."
Kenran's ghost hits you.
You hit Kenran's ghost but do no damage.
You headbutt Kenran's ghost!
Kenran's ghost is almost destroyed.
Kenran's ghost hits you!
You hit Kenran's ghost.
You headbutt Kenran's ghost, but do no damage.
Kenran's ghost is almost destroyed.
Kenran's ghost wails, "There is no future for me!"
Kenran's ghost hits you.
You hit Kenran's ghost but do no damage.
Kenran's ghost is almost destroyed.
Kenran's ghost hits you!
* * * LOW HITPOINT WARNING * * *
You hit Kenran's ghost but do no damage.
Kenran's ghost is almost destroyed.
Kenran's ghost hits you!
You die...

#..# #. #..#
... #.<# ..#.
#..###.....
#......#
.###.#.#####
............#
.#..........#
#......!.@.#
...#.......W#
...#..........
.
#........##..
......#####
..# ..<... .#
...... # ....


You could see Kenran's ghost.

Vanquished Creatures
  An ogre (D:4)
  The ghost of Kenran the Cudgeler, an amateur DgFi (D:4)
  An orc priest (D:4)
  A hound (D:4)
  An iguana (D:3)
  5 orc wizards
  A worker ant (D:4)
  A worker ant zombie (D:4)
  5 adders
  6 gnolls
  An adder skeleton (D:4)
  2 worms
  4 dart slugs
  2 leopard geckos
  11 orcs
  3 giant cockroaches
  10 goblins
  6 hobgoblins
  7 jackals
  9 kobolds
  2 quokkas
  6 bats
  2 frilled lizards
  8 rats
96 creatures vanquished.

Vanquished Creatures (others)
  5 toadstools (D:1)
5 creatures vanquished.

Grand Total: 101 creatures vanquished

Notes
Turn   | Place    | Note
-------+----------+-------------------------------------------
     0 | D:1      | Klosterheim the Minotaur Fighter began the quest for the Orb.
     0 | D:1      | Reached XP level 1. HP: 19/19 MP: 0/0
    23 | D:1      | Reached skill level 3 in Axes
    47 | D:1      | Reached XP level 2. HP: 20/26 MP: 1/1
   429 | D:2      | Reached skill level 4 in Axes
   528 | D:2      | Reached XP level 3. HP: 29/31 MP: 2/2
  1038 | D:2      | Reached skill level 5 in Axes
  1051 | D:2      | Found a snail-covered altar of Cheibriados.
  1334 | D:3      | Reached XP level 4. HP: 34/39 MP: 3/3
  1679 | D:3      | Reached skill level 6 in Axes
  1701 | D:3      | Reached XP level 5. HP: 36/45 MP: 4/4
  2178 | D:3      | Reached skill level 7 in Axes
  2443 | D:4      | Noticed Kenran's ghost (amateur DgFi)
  2448 | D:4      | Killed Kenran's ghost
  2448 | D:4      | Reached XP level 6. HP: 43/51 MP: 5/5
  2613 | D:4      | Reached skill level 8 in Axes
  3305 | D:4      | Reached skill level 9 in Axes
  3358 | D:4      | Reached XP level 7. HP: 55/57 MP: 6/6
  3813 | D:5      | Entered Level 5 of the Dungeon
  3817 | D:5      | Noticed Kenran's ghost (novice DgFi)
  3836 | D:5      | Slain by Kenran's ghost

Vault maps used:
D:1:      ldierk_walled_garden, minmay_tripent
D:2:      kennysheep_slug_shrine, minmay_tetromino_o2
D:4:      first_bread
D:5:      gup_sewer_entry_bubbles

Skill      XL: |  1  2  3  4  5  6 |
---------------+-------------------+-----
Axes           | 3 4 5 6 7 9 |  9.7
Fighting       | |  3.6
Armour         | |  3.6
Shields        | |  3.6

Action                   |  1- 3 |  4- 6 |  7- 9 || total
-------------------------+-------+-------+-------++-------
Melee: War axe           |    87 |    89 |    56 ||   232
       Headbutt          |     6 |    13 |     8 ||    27
  Use: Scroll            |       |     1 |       ||     1
       Potion            |       |     1 |       ||     1
  Eat: Chunk             |     1 |     6 |     2 ||     9
Armor: Scale mail        |    55 |    39 |       ||    94
       Plate armour      |       |       |    25 ||    25
Dodge: Dodged            |    43 |    43 |    11 ||    97
Block: Shield            |     4 |       |       ||     4
